 Dungeon Crawl Stone Soup version 0.19.3-4-gbf9329e (webtiles) character file.

34 muxecoid the Covered (level 3, -2/25 HPs)
             Began as a Formicid Wanderer on Jan 27, 2017.
             Slain by a bullfrog (4 damage)
             ... on level 11 of the Dungeon.
             The game lasted 00:04:36 (1947 turns).

muxecoid the Covered (Formicid Wanderer)            Turns: 1947, Time: 00:04:37

Health: -2/25      AC:  5    Str: 15    XL:     3   Next: 50%
Magic:  3/3        EV: 10    Int: 13    God:
Gold:   76         SH:  0    Dex: 10    Spells: 0 memorised, 2 levels left

rFire  . . .     SeeInvis +     h - -3 flail (curse)
rCold  . . .     Gourm    .     c - +0 ring mail
rNeg   . . .     Faith    .     (no shield)
rPois  .         Spirit   .     (helmet unavailable)
rElec  .         Reflect  .     (no cloak)
rCorr  .         Harm     .     (no gloves)
MR     .....                    (no boots)
Stlth  +.........               (no amulet)
                                (no ring)
                                (no ring)

@: no status effects
A: permanent stasis, dig shafts and tunnels, four strong arms, antennae 3
a: Dig, Shaft Self


You were on level 11 of the Dungeon.
You were not hungry.

You visited 1 branch of the dungeon, and saw 9 of its levels.

You collected 76 gold pieces.

Inventory:

Hand Weapons
 h - a cursed -3 flail (weapon)
 i - a +0 hand axe
Armour
 c - a +0 ring mail (worn)
Scrolls
 g - 2 scrolls of recharging
Potions
 d - a potion of curing {unknown}
 e - 4 potions of flight {unknown}
Books
 a - a book of Spatial Translocations

   Spells                             Type                      Level
   a - Blink                          Translocation                2
   b - Shroud of Golubria             Charms/Translocation         2
   c - Lesser Beckoning               Translocation                3
   d - Portal Projectile              Translocation                3
   e - Teleport Other                 Translocation                3
   f - Passage of Golubria            Translocation                4
 b - the Volume of Confrontation

   Spells                             Type                      Level
   a - Shock                          Conjuration/Air              1
   b - Mephitic Cloud                 Conjuration/Poison/Air       3
Comestibles
 f - a bread ration


   Skills:
 + Level 0.4 Fighting
 + Level 2.2 Axes
 + Level 0.2(1.3) Maces & Flails
 + Level 1.0 Throwing
 + Level 4.3 Armour
 + Level 0.1 Dodging
 + Level 1.5 Stealth
   Level 1.2 Hexes
   Level 1.7 Translocations


You had 2 spell levels left.
You didn't know any spells.

Dungeon Overview and Level Annotations

Branches:
Dungeon (9/15)
 Temple: D:4-7         Lair: D:8-11         Orc: D:9-12

Altars:

Annotations:
D:8 exclusion: ice statue, Psyche


Innate Abilities, Weirdness & Mutations

You are under a permanent stasis effect.
You can dig through walls and to a lower floor.
Your four strong arms can wield two-handed weapons with a shield.
You have a pair of large antennae on your head. (SInv)


Message History

Okay, then.
Found 14 stones.
e - 4 ruby potions (gained 1)
You now have 76 gold pieces (gained 17).
An orc comes into view. It is wielding a falchion.
The orc shouts!
You see here 2 glowing orange potions.
A bullfrog comes into view.
You barely miss the orc. The bullfrog hits you.
The orc hits you with a falchion.
You closely miss the orc. The bullfrog barely misses you.
The orc hits you with a falchion. The bullfrog closely misses you.
The orc hits you with a falchion.
* * * LOW HITPOINT WARNING * * *
You sock the orc!
You kill the orc!
The bullfrog hits you.
* * * LOW HITPOINT WARNING * * *
The bullfrog hits you.
You die...

#.................
#.........!.......
#............#####
#............#
#............#
#............#
#............#
#.........F).#
#..........@.#
#............#
#............#
##############


You could see a bullfrog.

Vanquished Creatures
  A hound skeleton (D:5)
  An ooze (D:1)
  6 orcs
  A goblin (D:1)
  A jackal (D:4)
  A frilled lizard (D:5)
  A rat (D:1)
12 creatures vanquished.

Notes
Turn   | Place    | Note
-------+----------+-------------------------------------------
     0 | D:1      | muxecoid the Formicid Wanderer began the quest for the Orb.
     0 | D:1      | muxecoid set off with: a book of Spatial Translocations, the Volume of Confrontation, a +0 ring mail, a +0 club, a bread ration
     0 | D:1      | Reached XP level 1. HP: 13/13 MP: 1/1
     0 | D:1      | Identified the Volume of Confrontation
    19 | D:1      | Reached XP level 2. HP: 12/19 MP: 2/2
   180 | D:1      | You fall through a shaft!
   209 | D:3      | You fall through a shaft!
   212 | D:4      | You fall through a shaft!
   212 | D:5      | Entered Level 5 of the Dungeon
   549 | D:4      | You fall through a shaft!
   941 | D:5      | Reached skill level 4 in Armour
   941 | D:5      | Reached XP level 3. HP: 15/25 MP: 3/3
  1506 | D:5      | Noticed a centaur
  1513 | D:5      | You fall through a shaft for 3 floors!
  1564 | D:8      | Noticed a centaur
  1580 | D:8      | Noticed an ice statue
  1583 | D:8      | You fall through a shaft!
  1783 | D:9      | Noticed a centaur
  1910 | D:8      | Noticed Psyche
  1913 | D:8      | You fall through a shaft for 3 floors!
  1937 | D:11     | Noticed a bullfrog
  1947 | D:11     | Slain by a bullfrog

Skill      XL: |  1  2 |
---------------+-------+-----
Armour         | 4 |  4.3
Fighting       | |  0.4
Axes           | |  2.2
Maces & Flails | |  0.2
Throwing       | |  1.0
Dodging        | |  0.1
Stealth        | |  1.5
Hexes          | |  1.2
Translocations | |  1.7

Action                   || total
-------------------------++-------
Melee: Club              ||    38
       Hand axe          ||    52
       Flail             ||     3
 Abil: Shaft Self        ||     7
  Use: Scroll            ||     2
  Eat: Chunk             ||     1
       Bread ration      ||     1
       Beef jerky        ||     1
Armor: Ring mail         ||    76
Dodge: Dodged            ||   109
